 Dungeon Crawl Stone Soup version 0.26-a0-672-g1df16c3386 (webtiles) character file.

Game seed: 4841520801567313399

53 marklar909 the Skirmisher (level 4, 0/37 HPs)
             Began as a Formicid Abyssal Knight on Oct 19, 2020.
             Was a Follower of Lugonu.
             Succumbed to a goblin's poison
             ... on level 2 of the Dungeon.
             The game lasted 00:02:52 (2335 turns).

marklar909 the Skirmisher (Formicid Abyssal Knight) Turns: 2335, Time: 00:02:52

Health: 0/37       AC:  3    Str: 18    XL:     4   Next: 11%
Magic:  6/6        EV: 11    Int: 11    God:    Lugonu [*.....]
Gold:   47         SH:  0    Dex: 10    Spells: 3/3 levels left

rFire    . . .     SeeInvis +   a - +1 mace
rCold    . . .     Faith    .   (no shield)
rNeg     . . .     Spirit   .   b - +0 leather armour
rPois    .         Reflect  .   (helmet unavailable)
rElec    .         Harm     .   (no cloak)
rCorr    .         Rampage  .   (no gloves)
MR       .....                  (no boots)
Stlth    +.........             (no amulet)
HPRegen  0.12/turn              (no ring)
MPRegen  0.10/turn              (no ring)

@: lethally poisoned (0 -> -11)
A: permanent stasis, dig shafts and tunnels, four strong arms, antennae 3
a: Dig, Shaft Self, Depart the Abyss, Renounce Religion


You were on level 2 of the Dungeon.
You worshipped Lugonu.
Lugonu was aware of your devotion.
You visited 1 branch of the dungeon, and saw 2 of its levels.
You visited the Abyss 1 time.

You collected 47 gold pieces.

Inventory:

Hand Weapons
 a - a +1 mace (weapon)
Armour
 b - a +0 leather armour (worn)
Scrolls
 c - 3 scrolls of identify {unknown}
 d - a scroll of immolation {unknown}
 f - a scroll of blinking {unknown}
 g - a scroll of amnesia {unknown}
 h - a scroll of teleportation {unknown}
 i - a scroll of remove curse {unknown}
 j - a scroll of fear {unknown}


   Skills:
 + Level 3.8 Fighting
 + Level 2.7 Maces & Flails
 + Level 2.9 Armour
 + Level 1.2 Dodging
 + Level 2.7 Invocations


You had 3 spell levels left.
You didn't know any spells.
Your spell library was empty.

Dungeon Overview and Level Annotations

Branches:
Dungeon (2/15)

Altars:

Annotations:
D:2 Sigmund


Innate Abilities, Weirdness & Mutations

You cannot be hasted, slowed, berserked, paralysed or teleported.
You can dig through walls and to a lower floor.
Your four strong arms can wield two-handed weapons with a shield.
You have a pair of large antennae on your head. (SInv)


Message History

You feel sick.
You climb downwards.
Level annotation: Sigmund A dart slug comes into view.
* * * LOW HITPOINT WARNING * * *
You feel sick.
There is a stone staircase leading up here.
* * * LOW HITPOINT WARNING * * *
You feel sick.
* * * LOW HITPOINT WARNING * * *
You feel sick. The dart slug launches a dart at you. The slug dart misses you.
There is a stone staircase leading up here.
* * * LOW HITPOINT WARNING * * *
You feel sick.
You see here a hobgoblin skeleton.
* * * LOW HITPOINT WARNING * * *
You feel sick.
You die...

..##............#
.................##.#
.##...........#...#.#
...!..........#.....#
...........$..# .#..#
[#.......)....#
...####
....#....<.>..#
#......
.....w..รท.....#
#..K...
...##..@......#
#.$.... ..
####..##.#####......
g #..# .# #........ {
#.....# #.##...@.
#...... #. #....K
#....#).. #..... {
#....# # #..)..
#....# #..... ######


You could see a dart slug.

Vanquished Creatures
  An adder (D:1)
  3 dart slugs (D:1)
  4 bats (D:1)
  6 giant cockroaches (D:1)
  5 goblins (D:1)
  3 hobgoblins
  A quokka (D:1)
  2 frilled lizards (D:1)
  5 kobolds
  8 rats
38 creatures vanquished.

Vanquished Creatures (others)
  A rat (D:2)
1 creature vanquished.

Grand Total: 39 creatures vanquished

Notes
Turn   | Place    | Note
-------+----------+-------------------------------------------
     0 | Abyss:1  | marklar909 the Formicid Abyssal Knight began the quest for
                  | the Orb.
     0 | Abyss:1  | Reached XP level 1. HP: 18/18 MP: 2/2
    27 | Abyss:1  | Noticed a starcursed mass
    40 | Abyss:1  | Noticed a ynoxinul
    40 | Abyss:1  | Noticed a smoke demon
    40 | Abyss:1  | Noticed an ancient zyme
    41 | D:1      | Escaped the Abyss
   392 | D:1      | Reached * piety under Lugonu
   393 | D:1      | Reached XP level 2. HP: 14/24 MP: 3/3
   427 | D:1      | Reached skill level 1 in Dodging
  1046 | D:1      | Reached XP level 3. HP: 27/30 MP: 4/4
  1646 | D:2      | Noticed Sigmund
  1895 | D:1      | Reached XP level 4. HP: 7/37 MP: 6/6
  2334 | D:2      | HP: 1/37 [poisoned by a goblin]
  2335 | D:2      | Succumbed to a goblin's poison

Illustrated notes

Levels and vault maps discovered:
D:1:      onia_arrival_pyramid, layout_loops_ring
D:2:      layout_rooms, grunt_temple_overflow_holy_war, marbit_many_paths,
          minmay_tetromino_t2, uniq_sigmund, uniq_robin

Skill      XL: |  1  2 |
---------------+-------+-----
Dodging        | 1 |  1.2
Fighting       | |  3.8
Maces & Flails | |  2.7
Armour         | |  2.9
Invocations    | |  2.7

Action                   |  1- 3 |  4- 6 || total
-------------------------+-------+-------++-------
Melee: Mace              |   116 |     9 ||   125
Invok: Depart the Abyss  |     1 |       ||     1
  Use: Potion            |     2 |       ||     2
Armor: Leather armour    |    50 |     5 ||    55
       Skin              |     1 |       ||     1
Dodge: Dodged            |    79 |    10 ||    89

Table legend: (Time is in decaauts)
 A = Elapsed time spent in this place.
 B = Non-inter-level travel time spent in this place.
 C = Inter-level travel time spent in this place.
 D = Time resting spent in this place.
 E = Time spent auto-exploring this place.
 F = Levels seen in this place.
 G = Mean time per level.
                   A        B        C        D        E       F      G
               +--------+--------+--------+--------+--------+-----+--------+
         Total |   2373 |   2314 |     59 |   1097 |    845 |   3 |  791.0 |
       Dungeon |   2332 |   2273 |     59 |   1097 |    819 |   2 | 1166.0 |
         Abyss |     41 |     41 |      0 |      0 |     26 |   1 |   41.0 |
               +--------+--------+--------+--------+--------+-----+--------+

Top non-repeatable levels by time:
     D:1: 2267 daAuts
     D:2: 65 daAuts
 Abyss:1: 41 daAuts
